 Dungeon Crawl Stone Soup version 0.19-a0-1920-g83281cb (webtiles) character file.

28 Kaname the Digger (level 2, 0/19 HPs)
             Began as a Demonspawn Earth Elementalist on Oct 23, 2016.
             Slain by a kobold (3 damage)
             ... on level 1 of the Dungeon.
             The game lasted 00:03:16 (1107 turns).

Kaname the Digger (Demonspawn Earth Elementalist)   Turns: 1107, Time: 00:03:17

Health: 0/19       AC:  2    Str:  8    XL:     2   Next: 96%
Magic:  0/5        EV: 12    Int: 16    God:
Gold:   67         SH:  0    Dex: 13    Spells: 2 memorised, 2 levels left

rFire  . . .     SeeInvis .     l - +0 spear
rCold  . . .     Gourm    .     c - +0 robe
rNeg   . . .     Faith    .     (no shield)
rPois  .         Spirit   .     (no helmet)
rElec  .         Reflect  .     (no cloak)
rCorr  .         Harm     .     (no gloves)
MR     .....                    (no boots)
Stlth  ++........               (no amulet)
                                (no ring)
                                (no ring)

@: no status effects
A: claws 1
a: no special abilities


You were on level 1 of the Dungeon.
You were not hungry.

You visited 1 branch of the dungeon, and saw 2 of its levels.

You collected 67 gold pieces.

Inventory:

Hand Weapons
 l - a +0 spear (weapon)
Missiles
 b - 63 stones (quivered)
Armour
 c - a +0 robe (worn)
Scrolls
 f - a scroll of fear {unknown}
 g - a scroll of enchant armour {unknown}
 k - a scroll of blinking {unknown}
 n - a scroll of random uselessness {unknown}
Potions
 a - a potion of invisibility {unknown}
 h - a potion of curing {unknown}
 i - a potion of lignification {unknown}
Books
 e - a book of Geomancy

   Spells                             Type                      Level
   a - Sandblast                      Earth                        1
   b - Passwall                       Transmutation/Earth          2
   c - Stone Arrow                    Conjuration/Earth            3
   d - Petrify                        Transmutation/Earth          4
   e - Lee's Rapid Deconstruction     Earth                        5
Comestibles
 d - a bread ration
 j - a slice of pizza
 m - 2 chunks of flesh


   Skills:
 - Level 1.7 Dodging
 - Level 1.7 Stealth
 - Level 2.0 Spellcasting
 - Level 0.8 Transmutations
 + Level 3.8 Earth Magic


You had 2 spell levels left.
You knew the following spells:

 Your Spells              Type           Power        Failure   Level  Hunger
a - Sandblast             Erth           ##....       6%          1    #......
b - Passwall              Tmut/Erth      #.........   14%         2    ###....


Dungeon Overview and Level Annotations

Branches:
Dungeon (2/15)

Altars:
Elyvilon


Innate Abilities, Weirdness & Mutations

You have sharp fingernails.


Message History

The kobold is heavily wounded.
The kobold barely misses you.
Casting: Sandblast
Confirm with . or Enter, or press ? or * to list all spells.
Aiming: Sandblast
Press: ? - help, Shift-Dir - straight line, f/p - kobold
Aim: a kobold (heavily wounded)
The blast of sand misses the kobold.
The kobold hits you.
* * * LOW HITPOINT WARNING * * *
Your magical contamination has completely faded away.
You closely miss the kobold.
The kobold is heavily wounded.
The kobold barely misses you. The kobold misses you.
You barely miss the kobold.
The kobold is heavily wounded.
The kobold barely misses you.
You barely miss the kobold.
The kobold is moderately wounded.
The kobold hits you.
You die...

... # #......(# ....PP#.......#
K....P#.......# K§.K..........#
#.......# ##)....###########
#................# ###
#K####.####......# #.###
#########@# #.# ##.....# #...#
#.........# #.# #.....# ....#
#.........# #.# #.....# ...##
#.........####.## #.....# ....##
#...........##..# ##.#### .##..#
#.....(..(#...#.#####.####
####g###.........###.............
# #..##..............>..####....
# ##............###...### ##....


You could see a kobold.

Vanquished Creatures
  An ooze (D:1)
  2 ball pythons (D:1)
  3 bats (D:1)
  2 goblins (D:1)
  4 hobgoblins (D:1)
  A frilled lizard (D:1)
  7 kobolds (D:1)
  A rat (D:1)
21 creatures vanquished.

Notes
Turn   | Place    | Note
-------+----------+-------------------------------------------
     0 | D:1      | Kaname the Demonspawn Earth Elementalist began the quest for the Orb.
     0 | D:1      | Reached XP level 1. HP: 13/13 MP: 3/3
    37 | D:1      | Reached skill level 3 in Earth Magic
    73 | D:2      | Found a white marble altar of Elyvilon.
    86 | D:1      | Gained mutation: You have sharp fingernails. [demonic ancestry]
    86 | D:1      | Reached XP level 2. HP: 7/19 MP: 1/5
   623 | D:1      | Learned a level 2 spell: Passwall
  1107 | D:1      | Slain by a kobold

Vault maps used:
D:1:      minmay_arrival_hallway, solitary_fountain, lexackson_kobold_supper
D:2:      elyvilon_altar_4

Skill      XL: |  1 |
---------------+----+-----
Earth Magic    | 3 |  3.8
Dodging        | |  1.7
Stealth        | |  1.7
Spellcasting   | |  2.0
Transmutations | |  0.8

Action                   || total
-------------------------++-------
Melee: Unarmed           ||    34
       Spear             ||    36
 Cast: Sandblast         ||    29
 Stab: Sleeping          ||     1
  Eat: Chunk             ||     1
Armor: Robe              ||    18
Dodge: Dodged            ||    65
